 Dungeon Crawl Stone Soup version 0.20.1-1-g8b1a95d (webtiles) character file.

3697 sheltatha the Carver (level 9, 0/121 HPs)
             Began as a Minotaur Berserker on Aug 19, 2017.
             Was an Elder of Trog.
             Succumbed to Erica's bolt of poison
             ... on level 8 of the Dungeon.
             The game lasted 01:17:25 (7723 turns).

sheltatha the Carver (Minotaur Berserker)           Turns: 7723, Time: 01:17:31

Health: 0/121      AC: 24    Str: 26    XL:     9   Next: 90%
Magic:  8/8        EV:  2    Int:  4    God:    Trog [****..]
Gold:   458        SH: 10    Dex:  9    Spells: 8/8 levels left

rFire    + . .     SeeInvis +   C - +3 falchion (slice)
rCold    . . .     Gourm    .   H - +0 shield
rNeg     + + +     Faith    .   (armour currently unavailable)
rPois    +         Spirit   .   (helmet currently unavailable)
rElec    .         Reflect  .   (cloak currently unavailable)
rCorr    .         Harm     .   (gloves currently unavailable)
MR       .....     NoTele   +   (boots currently unavailable)
Stlth    +.........             U - amulet of rage
Regen    0.3/turn               S - ring of see invisible
MPRegen  0.2/turn               n - ring of protection from fire

@: lethally poisoned (0 -> -6), tree-form, berserk cooldown, very slightly
contaminated, slowed, very slow
A: (retaliatory headbutt)
a: Berserk, Trog's Hand, Brothers in Arms, Burn Spellbooks, Renounce Religion,
Evoke Berserk Rage


You were on level 8 of the Dungeon.
You worshipped Trog.
Trog was greatly pleased with you.
You were not hungry.
You were a tree.
You visited 2 branches of the dungeon, and saw 9 of its levels.

You collected 458 gold pieces.

Inventory:

Hand Weapons
 a - a +0 falchion
 C - a +3 falchion of slicing (weapon)
Missiles
 y - 46 bolts
 K - 7 javelins (quivered)
Armour
 m - a +1 chain mail
 p - +0 steam dragon scales
 s - a +0 pair of gloves (melded)
 H - a +0 shield (worn)
 P - a +0 pair of boots (melded)
 R - a +0 plate armour (melded)
Jewellery
 h - an uncursed ring of poison resistance
 n - a ring of protection from fire (right branch)
 M - an uncursed ring of flight
 S - a ring of see invisible (left branch)
 U - an amulet of rage (around neck)
Wands
 b - a wand of digging (24/24)
 c - a wand of lightning (1/15)
 V - a wand of iceblast (5/15)
Scrolls
 e - 3 scrolls of enchant armour
 f - 3 scrolls of recharging
 k - 3 scrolls of teleportation
 o - a scroll of blinking
 r - 8 scrolls of remove curse
 t - 2 scrolls of enchant weapon
 v - 12 scrolls of identify
 A - a scroll of immolation
 E - 5 scrolls of fog
Potions
 d - a potion of lignification
 g - 3 potions of heal wounds {unknown}
 j - a potion of magic {unknown}
 l - 2 potions of invisibility {unknown}
 q - a potion of degeneration {unknown}
 u - a potion of brilliance {unknown}
 B - a potion of berserk rage {unknown}
 G - 3 potions of flight {unknown}
 N - a potion of haste {unknown}
 O - 2 potions of mutation {unknown}
Comestibles
 i - 6 meat rations
 z - 3 bread rations
 L - 3 fruits


   Skills:
 + Level 8.1 Fighting
 + Level 11.0 Long Blades
 + Level 8.7 Armour
 + Level 3.9 Dodging
 + Level 1.1 Stealth
 + Level 6.2 Shields


You had 8 spell levels left.
You didn't know any spells.

Dungeon Overview and Level Annotations

Branches:
Dungeon (8/15)             Temple (1/1) D:7
   Lair: D:8-11

Altars:
Ashenzari
Cheibriados
Dithmenos
Fedhas
Gozag
Hepliaklqana
Kikubaaqudgha
Makhleb
Nemelex Xobeh
Qazlal
Trog
Uskayaw
Vehumet
Yredelemnul
Zin

Shops:
D:4 %   D:6 =

Annotations:
D:8 Erica


Innate Abilities, Weirdness & Mutations

((You reflexively headbutt those who attack you in melee.))
((You have a pair of horns on your head.))


Message History

Blink to where?
Press: ? - help, Dir - move target cursor You are very lightly contaminated with residual magic.
As you read the scroll of blinking, it crumbles to dust.
You feel the effects of Trog's Hand fading.
* * * LOW HITPOINT WARNING * * *
You feel very sick.
You are feeling very hungry.
You feel sick.
You eat one of the 4 fruits.
That choko was very bland.
* * * LOW HITPOINT WARNING * * *
You feel sick.
It was a potion of lignification.
You turn into a tree.
Your +0 pair of gloves melds into your body.
Your +0 pair of boots melds into your body.
Your +0 plate armour melds into your body.
Your roots penetrate the ground.
Your skin stops crawling.
You feel less resistant to hostile enchantments.
You die...

# #.......#.##'#......
##.............# #
#.......)#....# #
#.......)#....# #
#........#....# #
######'#(#.)..#### #
#.#.#........ #
#.#)#...##### #########
#♣.....##
#.......#######......#
#......††.@..........#
#.......#######......#
#......†..<...#......#
#........##.#.#........
.........# ##.....#.
..####+#.# #.....#.. .
.# ######


There were no monsters in sight!

Vanquished Creatures
  Grinder (D:3)
  A wyvern (D:8)
  A steam dragon (D:8)
  A water moccasin (D:6)
  An ice beast (D:8)
  3 sky beasts
  2 orc warriors
  A black bear (D:7)
  2 ogres
  A phantom (D:7)
  2 centaurs (D:7)
  3 bullfrogs
  2 scorpions
  4 crimson imps
  4 hounds
  A centaur skeleton (D:7)
  A jelly (D:5)
  8 orc priests
  A gnoll shaman (D:4)
  8 orc wizards
  4 worker ants
  A hound skeleton (D:5)
  9 gnolls
  9 adders
  2 shadow imps (D:7)
  3 oozes
  An adder skeleton (D:5)
  4 worms
  5 dart slugs
  2 leopard geckos
  26 orcs
  A bat (D:1)
  15 giant cockroaches
  7 goblins
  10 hobgoblins
  6 jackals
  A quokka (D:8)
  2 ball pythons
  9 frilled lizards
  10 kobolds
  6 rats
  4 bushes (D:6)
  2 plants (D:7)
187 creatures vanquished.

Vanquished Creatures (collateral kills)
  A two-headed ogre (D:8)
1 creature vanquished.

Vanquished Creatures (others)
  A steam dragon (D:8)
1 creature vanquished.

Grand Total: 189 creatures vanquished

Notes
Turn   | Place    | Note
-------+----------+-------------------------------------------
     0 | D:1      | sheltatha the Minotaur Berserker began the quest for the Orb.
     0 | D:1      | Reached XP level 1. HP: 19/19 MP: 0/0
    89 | D:1      | Reached skill level 4 in Long Blades
    94 | D:1      | Reached XP level 2. HP: 27/27 MP: 1/1
  1291 | D:2      | Reached XP level 3. HP: 18/33 MP: 2/2
  1358 | D:2      | Reached ** piety under Trog
  1907 | D:3      | Found a blossoming altar of Fedhas.
  1989 | D:3      | Noticed Grinder
  1993 | D:3      | Reached XP level 4. HP: 41/41 MP: 3/3
  2000 | D:3      | Killed Grinder
  2000 | D:3      | Reached skill level 5 in Fighting
  2000 | D:3      | Reached skill level 6 in Long Blades
  2000 | D:3      | Reached XP level 5. HP: 31/48 MP: 4/4
  2000 | D:3      | Reached XP level 6. HP: 37/56 MP: 5/5
  2084 | D:3      | Noticed a sky beast
  2105 | D:3      | Killed a sky beast
  2521 | D:3      | Reached skill level 5 in Armour
  2677 | D:3      | Paralysed by fainting for 10 turns
  2952 | D:3      | Reached *** piety under Trog
  3461 | D:4      | Reached XP level 7. HP: 45/61 MP: 6/6
  3573 | D:4      | Reached skill level 7 in Long Blades
  3903 | D:4      | Found Uheps's Food Shop.
  3911 | D:4      | Reached skill level 1 in Shields
  4034 | D:5      | Entered Level 5 of the Dungeon
  4094 | D:5      | Found a shadowy altar of Dithmenos.
  4255 | D:5      | Reached **** piety under Trog
  4300 | D:5      | Reached skill level 8 in Long Blades
  4337 | D:5      | Reached XP level 8. HP: 41/70 MP: 7/7
  4511 | D:5      | Found a shattered altar of Ashenzari.
  4791 | D:5      | Reached skill level 1 in Stealth
  4933 | D:5      | Found a blossoming altar of Fedhas.
  4934 | D:5      | Found an opulent altar of Gozag.
  5577 | D:6      | Reached skill level 9 in Long Blades
  5610 | D:6      | Found Zyempor's Jewellery Shoppe.
  6120 | D:7      | Reached XP level 9. HP: 77/78 MP: 8/8
  6635 | D:7      | Reached skill level 10 in Long Blades
  7068 | D:7      | Found a staircase to the Ecumenical Temple.
  7088 | Temple   | Entered the Ecumenical Temple
  7522 | D:8      | Reached skill level 5 in Shields
  7554 | D:8      | Noticed a two-headed ogre
  7575 | D:8      | HP: 2/79 [two-headed ogre/giant club (2)]
  7576 | D:8      | Killed a two-headed ogre
  7697 | D:8      | Noticed Erica
  7703 | D:8      | Reached skill level 11 in Long Blades
  7716 | D:8      | HP: 4/81 [Erica/scimitar of flaming (4)]
  7720 | D:8      | HP: 1/81 [poisoned by Erica (bolt of poison)]
  7723 | D:8      | Succumbed to Erica's bolt of poison

Skill      XL: |  1  2  3  4  5  6  7  8  9 |
---------------+----------------------------+-----
Long Blades    | 4 6 8 9 11 | 11.0
Fighting       | 4 5 6 8 |  8.1
Armour         | 4 5 6 7 8 |  8.7
Dodging        | 3 |  3.9
Shields        | 1 3 6 |  6.2
Stealth        | 1 |  1.1

Action                   |  1- 3 |  4- 6 |  7- 9 || total
-------------------------+-------+-------+-------++-------
Melee: Falchion          |    80 |   108 |   483 ||   671
       Headbutt          |    13 |    17 |   102 ||   132
Invok: Berserk           |     5 |     5 |     9 ||    19
       Burn Spellbooks   |       |     1 |     2 ||     3
       Trog's Hand       |       |       |     3 ||     3
       Brothers in Arms  |       |       |     1 ||     1
  Use: Potion            |     1 |     1 |     3 ||     5
       Scroll            |       |       |    15 ||    15
  Eat: Bread ration      |     1 |     1 |     3 ||     5
       Meat ration       |     1 |     1 |       ||     2
       Royal jelly       |       |       |     3 ||     3
       Fruit             |       |       |     3 ||     3
Armor: Chain mail        |    40 |    57 |    79 ||   176
       Plate armour      |       |       |    83 ||    83
Dodge: Dodged            |    36 |    38 |    66 ||   140
Block: Shield            |       |    13 |   139 ||   152
       Rpst.: Falchion   |     8 |    10 |    20 ||    38
